General information
- name: BNet
- type: Ladder team game (AT/RT)
- host: Battle.net
- saver: BALLERCRAWLER
map: GolemsInTheMist
- players: 8
- length: 39:45
- speed: Fast
- version: 1.26 W3XP
- replay type: Public
» download(187 KB)
Players
team 1 (winner)
BALLERCRAWLER (
teal | 44 APM | 1763 actions | 39:45)
6 Blood Mage
3 Flame Strike
2 Siphon Mana
1 Summon Phoenix
» actions
| Assign group hotkey | 100 | |
| Basic commands | 204 | |
| Build / train | 72 | |
| Enter build submenu | 29 | |
| Enter hero's abilities submenu | 6 | |
| Right click | 600 | |
| Select / deselect | 353 | |
| Select group hotkey | 325 | |
| Use ability | 74 | |
1763 total
» units
| Peasant | 8 | |
| Footman | 7 | |
| Goblin Shredder | 1 | |
| Gryphon Rider | 17 | |
| Goblin Zeppelin | 2 | |
35 total
» upgrades
| Masonry | 3 | |
| Swords | 3 | |
| Animal War Training | 1 | |
| Storm Hammers | 1 | |
| Armor | 3 | |
| Backpack | 1 | |
12 total
» buildings
| Altar of Kings | 1 | |
| Barracks | 1 | |
| Farm | 15 | |
| Lumber Mill | 1 | |
| Keep | 4 | |
| Scout Tower | 8 | |
| Arcane Tower | 1 | |
| Castle | 1 | |
| Blacksmith | 1 | |
| Arcane Vault | 1 | |
| Gryphon Aviary | 2 | |
| Town Hall | 1 | |
| Guard Tower | 9 | |
46 total
» build order
00:04 Altar of Kings
00:08 Barracks
00:09 Farm
01:28 Farm
02:17 Lumber Mill
02:49 Keep
02:49 Keep
02:50 Keep
03:09 Scout Tower
04:20 Arcane Tower
04:27 Farm
05:19 Castle
05:30 Blacksmith
05:50 Arcane Vault
06:44 Gryphon Aviary
07:09 Gryphon Aviary
10:21 Farm
10:27 Farm
12:33 Farm
12:36 Farm
14:47 Town Hall
15:56 Scout Tower
15:57 Scout Tower
15:59 Scout Tower
15:59 Scout Tower
17:19 Farm
17:20 Farm
17:29 Guard Tower
17:29 Guard Tower
17:30 Guard Tower
17:31 Guard Tower
18:18 Guard Tower
19:15 Farm
19:16 Farm
22:07 Farm
22:09 Farm
22:10 Farm
22:11 Farm
28:09 Scout Tower
28:10 Scout Tower
28:16 Scout Tower
29:16 Guard Tower
» items
| Scroll of Town Portal | 1 | |
| Potion of Healing | 1 | |
| Orb of Fire | 1 | |
3 total
better_dont_not (
yellow | 31 APM | 1220 actions | 39:43)
4 Mountain King
2 Storm Bolt
1 Thunder Clap
1 Bash
3 Paladin
2 Holy Light
1 Divine Shield
» actions
| Assign group hotkey | 27 | |
| Basic commands | 21 | |
| Build / train | 60 | |
| Enter build submenu | 33 | |
| Enter hero's abilities submenu | 7 | |
| Give item / drop item | 1 | |
| Remove unit from queue | 1 | |
| Right click | 345 | |
| Select / deselect | 352 | |
| Select group hotkey | 296 | |
| Use ability | 77 | |
1220 total
» units
| Peasant | 15 | |
| Dragonhawk Rider | 6 | |
| Gryphon Rider | 6 | |
27 total
» upgrades
| Masonry | 3 | |
| Lumber Harvesting | 1 | |
| Swords | 2 | |
| Armor | 2 | |
| Cloud | 1 | |
| Storm Hammers | 1 | |
10 total
» buildings
| Farm | 11 | |
| Lumber Mill | 1 | |
| Altar of Kings | 1 | |
| Scout Tower | 12 | |
| Guard Tower | 6 | |
| Arcane Vault | 2 | |
| Arcane Tower | 3 | |
| Keep | 1 | |
| Blacksmith | 1 | |
| Gryphon Aviary | 3 | |
| Castle | 1 | |
42 total
» build order
00:37 Farm
01:14 Farm
01:18 Lumber Mill
01:50 Farm
01:59 Altar of Kings
02:36 Scout Tower
02:42 Scout Tower
03:05 Guard Tower
03:26 Scout Tower
03:30 Scout Tower
03:33 Scout Tower
03:37 Scout Tower
03:52 Arcane Vault
03:56 Scout Tower
04:03 Guard Tower
04:05 Arcane Tower
04:09 Guard Tower
04:18 Arcane Tower
04:31 Scout Tower
04:48 Keep
05:21 Scout Tower
05:27 Farm
05:34 Blacksmith
05:52 Arcane Vault
06:05 Arcane Tower
06:11 Scout Tower
06:41 Guard Tower
07:36 Gryphon Aviary
07:40 Gryphon Aviary
07:46 Gryphon Aviary
08:24 Castle
09:26 Farm
10:22 Farm
10:25 Farm
11:09 Farm
12:42 Farm
14:35 Scout Tower
17:44 Guard Tower
17:47 Scout Tower
19:28 Farm
19:29 Guard Tower
19:32 Farm
» items
| Scroll of Town Portal | 1 | |
| Potion of Healing | 1 | |
2 total
2064265555 (
purple | 31 APM | 1212 actions | 39:43)
6 Blademaster
2 Wind Walk
2 Critical Strike
1 Mirror Image
1 Bladestorm
» actions
| Basic commands | 22 | |
| Build / train | 86 | |
| Enter build submenu | 26 | |
| Enter hero's abilities submenu | 7 | |
| Give item / drop item | 2 | |
| Right click | 638 | |
| Select / deselect | 313 | |
| Use ability | 118 | |
1212 total
» units
| Peon | 28 | |
| Grunt | 1 | |
| Troll Batrider | 12 | |
| Raider | 7 | |
| Wind Rider | 8 | |
| Goblin Zeppelin | 2 | |
58 total
» upgrades
| Ensnare | 1 | |
| Armor | 1 | |
| Liquid Fire | 2 | |
| Pillage | 1 | |
| War Drums Damage Increase | 1 | |
| Envenomed Spears | 1 | |
7 total
» buildings
| Orc Burrow | 8 | |
| Altar of Storms | 1 | |
| Voodoo Lounge | 1 | |
| War Mill | 3 | |
| Stronghold | 1 | |
| Barracks | 1 | |
| Watch Tower | 5 | |
| Fortress | 1 | |
| Beastiary | 2 | |
| Great Hall | 4 | |
27 total
» build order
00:13 Orc Burrow
00:31 Altar of Storms
01:17 Voodoo Lounge
01:54 Orc Burrow
02:24 War Mill
04:16 Stronghold
04:44 Orc Burrow
05:20 Barracks
06:49 Watch Tower
06:53 Watch Tower
07:00 Fortress
07:12 Beastiary
07:39 Beastiary
07:55 Watch Tower
08:02 Watch Tower
08:46 Great Hall
16:43 Great Hall
16:52 Orc Burrow
16:54 Orc Burrow
17:02 Orc Burrow
17:03 Orc Burrow
21:52 War Mill
23:12 Watch Tower
25:04 Great Hall
27:20 Great Hall
28:51 War Mill
31:23 Orc Burrow
» items
| Healing Salve | 4 | |
| Lesser Clarity Potion | 3 | |
| Scroll of Speed | 3 | |
| Potion of Healing | 2 | |
12 total
TGParanoia (
pink | 24 APM | 566 actions | 23:14)
3 Keeper of the Grove
1 Entangling Roots
2 Thorns Aura
3 Priestess of the Moon
2 Trueshot Aura
1 Searing Arrows
» actions
| Build / train | 62 | |
| Enter build submenu | 16 | |
| Enter hero's abilities submenu | 6 | |
| Right click | 185 | |
| Select / deselect | 260 | |
| Use ability | 37 | |
566 total
» units
| Wisp | 18 | |
| Druid of the Claw | 14 | |
| Druid of the Talon | 8 | |
40 total
» upgrades
| Strength of the Wild | 3 | |
| Reinforced Hides | 2 | |
| Druid of the Talon Training | 2 | |
| Druid of the Claw Training | 2 | |
| Well Spring | 1 | |
| Mark of the Claw | 1 | |
| Mark of the Talon | 1 | |
12 total
» buildings
| Altar of Elders | 1 | |
| Hunter's Hall | 1 | |
| Moon Well | 9 | |
| Tree of Ages | 1 | |
| Ancient of Wind | 1 | |
| Ancient of Lore | 1 | |
| Ancient of Wonders | 1 | |
| Tree of Eternity | 1 | |
| Tree of Life | 1 | |
17 total
» build order
00:28 Altar of Elders
00:42 Hunter's Hall
01:33 Moon Well
02:03 Moon Well
03:41 Tree of Ages
04:40 Moon Well
04:43 Moon Well
06:22 Ancient of Wind
06:36 Ancient of Lore
06:53 Ancient of Wonders
06:59 Tree of Eternity
08:32 Moon Well
10:39 Moon Well
11:38 Moon Well
12:36 Moon Well
13:51 Moon Well
19:08 Tree of Life
team 2 (loser)
darknesscalls_ (
orange | 56 APM | 2233 actions | 39:43)
8 Dreadlord
3 Sleep
3 Carrion Swarm
1 Inferno
1 Vampiric Aura
» actions
| Assign group hotkey | 44 | |
| Basic commands | 7 | |
| Build / train | 77 | |
| Enter build submenu | 19 | |
| Enter hero's abilities submenu | 8 | |
| Give item / drop item | 4 | |
| Remove unit from queue | 1 | |
| Right click | 998 | |
| Select / deselect | 319 | |
| Select group hotkey | 627 | |
| Use ability | 129 | |
2233 total
» units
| Acolyte | 9 | |
| Ghoul | 1 | |
| Crypt Fiend | 4 | |
| Goblin Shredder | 1 | |
| Goblin Zeppelin | 2 | |
| Frost Wyrm | 7 | |
| Gargoyle | 9 | |
33 total
» upgrades
| Web | 1 | |
| Creature Attack | 1 | |
| Creature Carapace | 2 | |
| Burrow | 1 | |
| Freezing Breath | 1 | |
6 total
» buildings
| Graveyard | 1 | |
| Crypt | 1 | |
| Altar of Darkness | 1 | |
| Ziggurat | 14 | |
| Tomb of Relics | 1 | |
| Nerubian Tower | 1 | |
| Halls of the Dead | 2 | |
| Black Citadel | 3 | |
| Sacrificial Pit | 1 | |
| Spirit Tower | 7 | |
| Necropolis | 1 | |
| Boneyard | 2 | |
35 total
» build order
00:10 Graveyard
00:15 Crypt
00:44 Altar of Darkness
01:01 Ziggurat
01:35 Tomb of Relics
01:58 Nerubian Tower
02:15 Ziggurat
03:50 Halls of the Dead
05:02 Ziggurat
05:48 Ziggurat
05:49 Ziggurat
06:14 Black Citadel
06:58 Sacrificial Pit
07:51 Spirit Tower
09:33 Necropolis
10:18 Ziggurat
10:18 Ziggurat
10:19 Ziggurat
10:21 Ziggurat
11:08 Boneyard
11:17 Spirit Tower
11:34 Spirit Tower
12:40 Boneyard
12:59 Halls of the Dead
13:04 Ziggurat
13:05 Ziggurat
14:19 Spirit Tower
15:29 Spirit Tower
18:04 Black Citadel
18:32 Ziggurat
18:34 Ziggurat
18:35 Ziggurat
19:46 Spirit Tower
19:46 Spirit Tower
» items
| Rod of Necromancy | 3 | |
| Potion of Healing | 3 | |
| Healing Salve | 1 | |
| Sacrificial Skull | 2 | |
| Orb of Corruption | 1 | |
| Scroll of Town Portal | 3 | |
| Scroll of Healing | 2 | |
15 total
TANK_THIS_31TCH (
red | 27 APM | 1068 actions | 39:43)
5 Mountain King
3 Storm Bolt
2 Bash
» actions
| Basic commands | 2 | |
| Build / train | 83 | |
| Enter build submenu | 67 | |
| Enter hero's abilities submenu | 5 | |
| Give item / drop item | 2 | |
| Remove unit from queue | 1 | |
| Right click | 426 | |
| Select / deselect | 350 | |
| Use ability | 132 | |
1068 total
» units
| Peasant | 21 | |
| Goblin Zeppelin | 1 | |
22 total
» upgrades
| Masonry | 2 | |
| Lumber Harvesting | 1 | |
3 total
» buildings
| Farm | 4 | |
| Lumber Mill | 1 | |
| Scout Tower | 53 | |
| Guard Tower | 38 | |
| Altar of Kings | 1 | |
| Barracks | 1 | |
| Arcane Vault | 1 | |
| Keep | 1 | |
| Town Hall | 2 | |
| Arcane Tower | 1 | |
103 total
» build order
00:24 Farm
00:44 Lumber Mill
01:03 Farm
01:46 Farm
02:00 Scout Tower
02:05 Scout Tower
02:31 Guard Tower
02:34 Scout Tower
02:37 Guard Tower
02:39 Scout Tower
02:42 Scout Tower
03:04 Guard Tower
03:15 Guard Tower
05:22 Scout Tower
05:28 Guard Tower
05:48 Scout Tower
05:50 Guard Tower
05:53 Scout Tower
06:05 Altar of Kings
06:10 Scout Tower
06:12 Scout Tower
06:22 Scout Tower
06:24 Scout Tower
06:26 Guard Tower
06:42 Farm
06:45 Guard Tower
06:49 Scout Tower
06:51 Scout Tower
06:59 Guard Tower
07:00 Guard Tower
07:15 Guard Tower
07:17 Scout Tower
07:19 Guard Tower
07:22 Scout Tower
07:25 Scout Tower
07:32 Scout Tower
07:33 Guard Tower
08:11 Guard Tower
08:15 Scout Tower
08:17 Scout Tower
08:18 Guard Tower
08:20 Scout Tower
08:28 Barracks
08:43 Guard Tower
08:45 Guard Tower
08:49 Guard Tower
08:53 Scout Tower
09:11 Scout Tower
09:12 Scout Tower
09:24 Guard Tower
09:26 Scout Tower
09:33 Arcane Vault
09:40 Guard Tower
09:51 Keep
09:55 Guard Tower
10:01 Scout Tower
10:02 Scout Tower
10:07 Guard Tower
10:12 Scout Tower
10:24 Scout Tower
10:35 Guard Tower
10:47 Guard Tower
10:50 Scout Tower
10:53 Scout Tower
10:57 Scout Tower
11:02 Guard Tower
11:06 Scout Tower
11:13 Scout Tower
11:33 Town Hall
12:10 Guard Tower
12:14 Scout Tower
12:19 Scout Tower
12:31 Guard Tower
13:04 Guard Tower
13:10 Scout Tower
13:36 Scout Tower
14:07 Guard Tower
14:13 Scout Tower
14:23 Guard Tower
14:27 Scout Tower
14:32 Scout Tower
14:37 Scout Tower
14:46 Scout Tower
14:49 Arcane Tower
14:52 Scout Tower
14:54 Scout Tower
14:59 Scout Tower
15:09 Guard Tower
15:13 Guard Tower
15:15 Scout Tower
15:24 Guard Tower
15:27 Scout Tower
15:33 Guard Tower
15:35 Scout Tower
15:40 Scout Tower
15:42 Scout Tower
15:44 Scout Tower
15:45 Guard Tower
15:51 Scout Tower
16:15 Guard Tower
16:20 Guard Tower
17:10 Guard Tower
17:45 Town Hall
» items
| Potion of Healing | 5 | |
| Scroll of Regeneration | 1 | |
| Orb of Lightning | 1 | |
| Potion of Mana | 2 | |
| Healing Salve | 2 | |
| Rod of Necromancy | 1 | |
12 total
KoMarik (
blue | 18 APM | 703 actions | 39:43)
4 Far Seer
2 Chain Lighting
2 Feral Spirit
» actions
| Basic commands | 18 | |
| Build / train | 77 | |
| Enter build submenu | 15 | |
| Enter hero's abilities submenu | 4 | |
| Right click | 288 | |
| Select / deselect | 241 | |
| Use ability | 58 | |
703 total
» units
| Peon | 10 | |
| Grunt | 10 | |
| Demolisher | 4 | |
| Troll Headhunter/Berserker | 22 | |
| Wind Rider | 10 | |
56 total
» upgrades
| Pillage | 1 | |
| Melee Weapons | 1 | |
| Armor | 1 | |
| Spiked Barricades | 1 | |
| Berserker Strength | 1 | |
| Troll Regeneration | 1 | |
| Ranged Weapons | 1 | |
| Berserker Upgrade | 1 | |
| Envenomed Spears | 1 | |
| Burning Oil | 1 | |
| Reinforced Defenses | 1 | |
11 total
» buildings
| Altar of Storms | 1 | |
| Orc Burrow | 4 | |
| Barracks | 1 | |
| War Mill | 1 | |
| Voodoo Lounge | 1 | |
| Stronghold | 1 | |
| Watch Tower | 7 | |
| Beastiary | 1 | |
| Fortress | 1 | |
18 total
» build order
00:20 Altar of Storms
00:27 Orc Burrow
00:44 Barracks
01:17 War Mill
01:57 Orc Burrow
02:22 Voodoo Lounge
03:32 Orc Burrow
05:57 Stronghold
06:12 Orc Burrow
07:06 Watch Tower
07:09 Watch Tower
07:11 Watch Tower
11:47 Beastiary
13:51 Fortress
15:24 Watch Tower
22:34 Watch Tower
22:55 Watch Tower
22:59 Watch Tower
» items
| Healing Salve | 1 | |
| Potion of Mana | 2 | |
3 total
Chat log
(00:08 / Allies) better_dont_not: I'M GONNA TOWER
(00:10 / Allies) better_dont_not: HELP PLZ
(00:17 / Allies) 2064265555: ill try
(00:24 / Allies) 2064265555: but im newbcake
(00:47 / Allies) better_dont_not: resources, plz, when ya can
(00:51 / Allies) better_dont_not: yall just tech fast
(00:54 / Allies) better_dont_not: and bring hero
(00:56 / Allies) TGParanoia: am
(01:03 / Allies) BALLERCRAWLER: blood magi
(01:08 / Allies) 2064265555: aoe
(01:11 / Allies) 2064265555: lez go
(01:11 / Allies) BALLERCRAWLER: flame strike is bouse
(01:23 / Allies) TGParanoia: keeper
(01:27 / Allies) TGParanoia: for tangle
(01:29 / Allies) better_dont_not: mk
(01:40 / Allies) 2064265555: really prefer shamn
(01:48 / Allies) 2064265555: but going bm
(01:49 / Allies) BALLERCRAWLER: hit top right
(02:26 / Allies) TGParanoia: love fucking up my build order QQ
(02:40 / Allies) 2064265555: whats a build order?
(02:49 / Allies) TGParanoia: the order you build things
(03:17 / Allies) TGParanoia: afk lawl
(05:17 / Allies) better_dont_not: gryphs/draghawks
(05:21 / Allies) BALLERCRAWLER: get melee
(05:24 / Allies) BALLERCRAWLER: I'm going gryphw
(05:26 / Allies) TGParanoia: beaars/dryads
(05:32 / Allies) TGParanoia: dots
(08:09 / Allies) BALLERCRAWLER: wood please
(08:17 / Allies) BALLERCRAWLER: thanks
(08:38 / Allies) TGParanoia: np
(09:03 / Allies) better_dont_not: go help him pinkie
(09:07 / Allies) TGParanoia: am
(10:25 / All) TGParanoia: thx for free xp?
(10:26 / All) TGParanoia: lawl
(10:46 / Allies) BALLERCRAWLER: gold please
(13:40 / Allies) BALLERCRAWLER: gold please
(14:53 / Allies) better_dont_not: go teal, wtf?????
(15:16 / Allies) better_dont_not: use suicide with bats, grape
(15:20 / Allies) better_dont_not: wtf???????????????????????
(15:38 / Allies) better_dont_not: come
(15:42 / Allies) better_dont_not: i got cloud for towers
(15:43 / Allies) better_dont_not: come
(17:33 / All) TANK_THIS_31TCH: all that work
(18:05 / All) TGParanoia: teal tking for no reason
(18:18 / Allies) better_dont_not: teal, why you doing that bro? we winning
(18:31 / All) TGParanoia: its what kids do
(18:44 / All) BALLERCRAWLER: kids that bea your candy ass 1v3
(18:48 / Allies) 2064265555: mass dryads
(19:03 / All) TGParanoia: i cant mass shit while hes tking me
(19:05 / Allies) better_dont_not: why are you doing that teal//??????????????????????????????????????????????????????????????????????????????????????????????????
(21:06 / All) BALLERCRAWLER: rape
(21:08 / All) BALLERCRAWLER: you suck yellow
(21:11 / All) BALLERCRAWLER: 1v3 pwnt
(21:14 / All) BALLERCRAWLER: you noobies
(21:47 / Allies) better_dont_not: how was i owned?
(21:51 / Allies) better_dont_not: you tk'd, lol
(21:51 / All) BALLERCRAWLER: your micro sucks
(21:52 / All) BALLERCRAWLER: son
(21:55 / All) BALLERCRAWLER: that's how
(21:58 / Allies) better_dont_not: i d c
(22:03 / Allies) better_dont_not: i'm not playing you, LOL
(22:18 / All) BALLERCRAWLER: you are playing me now, yellow
(22:22 / All) BALLERCRAWLER: problem is, you're dead
(22:27 / All) better_dont_not: nah, i'm drinking beer, lol
(22:46 / All) darknesscalls_: nice
(22:48 / All) darknesscalls_: u guys suck
(22:49 / All) darknesscalls_: lawl
(22:59 / All) better_dont_not: yahhhooooo
(23:02 / All) TGParanoia: yah dude we hella suck when we get tk'd right?
(23:06 / All) TGParanoia: dumb fuck
(23:06 / All) BALLERCRAWLER: yes
(23:08 / All) BALLERCRAWLER: you lost 1v3
(23:09 / All) BALLERCRAWLER: you suck
(23:17 / All) BALLERCRAWLER: 4v4 means backstabbing
(23:24 / All) BALLERCRAWLER: me time can't 3 man rape 1 player
(23:26 / All) BALLERCRAWLER: cos they suck
(23:36 / Allies) better_dont_not: hehehe
(23:49 / All) darknesscalls_: |leave fags
(24:04 / All) darknesscalls_: u got raped
(24:30 / All) BALLERCRAWLER: kill this pink tree
(24:31 / All) BALLERCRAWLER: sir
(24:33 / All) BALLERCRAWLER: top expo
(24:35 / All) BALLERCRAWLER: near mid
(24:43 / All) BALLERCRAWLER: its running around the corner
(25:39 / All) better_dont_not: yall got raped, boys!!! LIKE IT LIKE THAT?
(25:47 / All) BALLERCRAWLER: kill the tree
(26:12 / All) BALLERCRAWLER: there you go
(26:15 / All) BALLERCRAWLER: it's free xp
(26:28 / All) better_dont_not: there ya go, free asskickin' yall took!!!!!!!
(26:35 / All) darknesscalls_: lawl
(26:56 / All) better_dont_not: lawl isn't a work or acronym, dumb fuck
(27:00 / All) better_dont_not: it's LOL
(27:01 / All) BALLERCRAWLER: leave faggot
(27:05 / All) BALLERCRAWLER: LOL
(27:08 / All) better_dont_not: stands for laughing out loud
(27:11 / All) better_dont_not: cunt
(27:14 / All) darknesscalls_: yellow apologize now
(27:16 / All) better_dont_not: nah, I'll wait it out
(27:24 / All) better_dont_not: suck my cock maybe?
(27:39 / All) BALLERCRAWLER: yellow, you got raped. don't be afraid to admit it
(27:41 / All) darknesscalls_: yellow what is your problem man, we won fair and square
(27:43 / All) better_dont_not: apologize for kickin' your ass?
(27:44 / All) BALLERCRAWLER: semen in your mouth is good for you
(27:54 / All) BALLERCRAWLER: kickin' my ass so bad you didn't kill 1 gryphon
(27:57 / All) better_dont_not: ohhh, hehehehe, i know
(28:27 / All) better_dont_not: I know, you're the greatest teal, did NOTHING the whole game except kill your team, heheheh, you're my hero, son!!!!
(28:33 / All) BALLERCRAWLER: thanks dad
(28:36 / All) darknesscalls_: teal didn't tk
(28:40 / All) darknesscalls_: we beat u guys
(28:41 / All) darknesscalls_: its fair
(28:47 / All) BALLERCRAWLER: we raped you anally, yellow
(28:49 / All) BALLERCRAWLER: just leave
(28:52 / All) better_dont_not: yep, you did, you're fantastic!!!!
(28:54 / All) BALLERCRAWLER: and drink your fat american ass away
(29:21 / All) better_dont_not: i'll leave when the game's over sistah!
(29:27 / All) BALLERCRAWLER: leave and get a loss
(29:36 / All) BALLERCRAWLER: or stay and get a loss
(29:38 / All) BALLERCRAWLER: your choice
(29:45 / All) better_dont_not: nah, i'll wait, to make sure you do too. :D
(29:53 / All) BALLERCRAWLER: this is a 0-0 account
(29:56 / All) BALLERCRAWLER: I don't give a shit
(29:59 / All) better_dont_not: not now
(30:02 / All) darknesscalls_: dont worry yellow, ill rape teal
(30:09 / All) better_dont_not: it's 0-1, girlie man
(30:16 / All) better_dont_not: i'll watch then
(30:23 / All) BALLERCRAWLER: it's 511-532 for you now
(30:27 / All) BALLERCRAWLER: brosepheim
(30:39 / All) better_dont_not: no biggie, i don't really care, heh
(30:49 / Allies) better_dont_not: but i won't leave for a tk gal
(30:55 / All) BALLERCRAWLER: of course you don't. there's no way you can fix your shitty record with how bad it is
(31:09 / All) better_dont_not: nor you yours, sistah!
(31:25 / All) BALLERCRAWLER: sir, I chose this loss on purpose. I could have easily steamrolled them
(31:29 / All) BALLERCRAWLER: instead, I steamrolled us
(31:34 / All) better_dont_not: there is NO worse than .000 winning % sistah!
(31:44 / All) better_dont_not: sure ya did, sistah
(31:44 / All) BALLERCRAWLER: DARKNESSCALLED- is my main account
(31:45 / All) BALLERCRAWLER: bro
(31:52 / All) BALLERCRAWLER: former rank #1 rt
(31:53 / All) BALLERCRAWLER: son
(31:58 / All) better_dont_not: i know
(32:00 / All) BALLERCRAWLER: I'll whisper you after the game
(32:02 / All) BALLERCRAWLER: broey
(32:13 / All) better_dont_not: i saw your build sistah, you are VERY not good!!!
(32:19 / All) BALLERCRAWLER: lol
(32:22 / All) better_dont_not: maybe avg. at best!, sistah
(32:23 / All) BALLERCRAWLER: so bad that I owned you?
(32:32 / All) BALLERCRAWLER: and your gryphs didn't kill a single one of mine?
(32:35 / All) BALLERCRAWLER: you were outplayed
(32:41 / All) better_dont_not: you owned nothing, I was winning the game, and you tk'd us, sis
(32:45 / All) BALLERCRAWLER: your micro is the shittiest I've ever seen for gryphons
(32:54 / All) BALLERCRAWLER: not even kidding
(33:04 / All) BALLERCRAWLER: apologise yellow
(33:07 / All) BALLERCRAWLER: for being so bad
(33:09 / All) better_dont_not: Yeah, yours is STRONG!!! HEHEHEHEH
(33:17 / All) better_dont_not: sorry, that you're a gal!
(33:25 / All) BALLERCRAWLER: I am a gall bladder?
(33:27 / All) BALLERCRAWLER: you suck
(33:28 / All) better_dont_not: want me fuck your cunt now, little gal?
(33:40 / All) BALLERCRAWLER: no. you can just have your hand to yourself
(33:42 / All) better_dont_not: bring that little ass over here!!!
(33:55 / All) better_dont_not: oooh babe, I'd love to mouth fuck you again!
(34:12 / All) BALLERCRAWLER: don't be afraid to announce your homosexuality
(34:14 / All) BALLERCRAWLER: yellow
(34:20 / All) BALLERCRAWLER: your parents will still be proud
(34:26 / All) BALLERCRAWLER: as long as they don't see this match of wc3
(34:29 / All) BALLERCRAWLER: that is
(34:38 / All) better_dont_not: yer a doll, babe!
(34:45 / Allies) 2064265555: lol
(34:45 / All) BALLERCRAWLER: and you're a shitty wc3 player
(34:52 / All) BALLERCRAWLER: putting your foot in your own mouth
(35:04 / All) better_dont_not: show that pussy again sissy!
(35:11 / All) better_dont_not: come on honey!
(35:22 / All) better_dont_not: aww, how cute, no hair yet!
(35:32 / Allies) 2064265555: lol
(35:33 / All) BALLERCRAWLER: are you mad sir?
(35:33 / All) better_dont_not: whoah, i sho nuff love 'em bald!!!
(35:35 / All) BALLERCRAWLER: it sounds like it
(35:43 / All) BALLERCRAWLER: your w/l record is pisspoor
(35:45 / All) BALLERCRAWLER: gg
(35:46 / All) BALLERCRAWLER: nigger
(35:51 / All) better_dont_not: I'm spankin' it while I think of you darlin!
(35:54 / All) BALLERCRAWLER: you got raped
(35:55 / All) BALLERCRAWLER: don't be sad
(35:56 / Allies) 2064265555: lmao
(36:04 / All) better_dont_not: talk to me baby girl!
(36:06 / All) BALLERCRAWLER: purp apparently finds this funny
(36:08 / All) better_dont_not: i like it!
(36:11 / Allies) 2064265555: lol
(36:12 / All) BALLERCRAWLER: he is afraid he'll be laughed at in all chat
(36:37 / All) BALLERCRAWLER: your gryph micro sucks yellow
(36:38 / All) BALLERCRAWLER: work on it
(36:43 / All) BALLERCRAWLER: worst player at micro ever
(36:52 / All) better_dont_not: your bald pussy doesn't, keep it that way gal!
(36:58 / Allies) 2064265555: lmao
(37:03 / All) BALLERCRAWLER: my bald pussy doesn't micro? lol
(37:14 / All) 2064265555: teal is so gay
(37:18 / All) BALLERCRAWLER: you got raped in your hairy fat american asshole
(37:18 / All) better_dont_not: exactly! You're a bright one aren't ya hun?
(37:20 / Allies) BALLERCRAWLER: you lost 1v3
(37:23 / All) BALLERCRAWLER: you lost 1v3
(37:27 / All) BALLERCRAWLER: because you are so bad
(37:36 / All) TANK_THIS_31TCH: lmao
(37:37 / All) BALLERCRAWLER: your micro is so terrible, my grandma could do better. and she's dead
(37:39 / All) better_dont_not: talk baby, talk!
(37:47 / All) better_dont_not: cuz I fucked her to death!
(37:51 / All) 2064265555: this is like umm the incredibles
(37:53 / All) better_dont_not: i liked it though!
(38:00 / All) 2064265555: fucking teal is the loser villian though
(38:06 / All) 2064265555: either way he loses
(38:09 / All) BALLERCRAWLER: the loser villain that kicked your ass 1v3
(38:09 / All) better_dont_not: she was a skanky old cunt though
(38:16 / All) BALLERCRAWLER: this is a 0-0 account. I don't care if I win or lose
(38:21 / All) BALLERCRAWLER: the chat is too hilarious
(38:26 / All) better_dont_not: of course you don't baby!
(38:26 / All) BALLERCRAWLER: we're all laughing at you
(38:30 / All) 2064265555: blah blah blah
(38:32 / All) darknesscalls_: purple what happened
(38:34 / All) BALLERCRAWLER: this replay will be put on highper.ch
(38:35 / All) darknesscalls_: did teal tk?
(38:38 / All) better_dont_not: heheheh, awww, how cute she is!
(38:39 / All) BALLERCRAWLER: and your family name will be disgraced
(38:42 / All) BALLERCRAWLER: so you will be sad
(38:45 / All) darknesscalls_: why did teal kill you guys?
(38:49 / All) BALLERCRAWLER: they sucked
(38:54 / All) BALLERCRAWLER: they needed to be taught a lesson
(39:03 / All) better_dont_not: she was bored, and had no bullets!
(39:11 / All) BALLERCRAWLER: in hoc signo taurus vinces.
(39:17 / All) BALLERCRAWLER: et tu, mi amice?
(39:33 / All) BALLERCRAWLER: novi sub sole.
(39:39 / All) better_dont_not: are you said that we americans run the world?
(39:39 / All) BALLERCRAWLER: you just got told
(39:41 / Allies) better_dont_not: that's ok